 Dungeon Crawl Stone Soup version 0.28.0-53-g5a82cb258f (webtiles) character file.

Game seed: 5160086419451522297

67398 Labrat the Eclecticist (level 14, -2/115 HPs)
             Began as a Demigod Conjurer on July 7, 2022.
             Slain by a death knight
             ... wielding a +0 glaive
              (33 damage)
             ... on level 13 of the Dungeon on July 10, 2022.
             The game lasted 01:41:15 (34662 turns).

Labrat the Eclecticist (Demigod Conjurer)          Turns: 34662, Time: 01:41:16

Health: -2/115     AC:  7    Str: 12    XL:     14   Next: 42%
Magic:  35/38      EV: 12    Int: 42    God:
Gold:   1329       SH:  0    Dex: 12    Spells: 26/43 levels left

rFire   + + .      SeeInvis .   q - +8 hunting sling "Giantslayer" {flame, rF++}
rCold   + + .      Faith    .   (no shield)
rNeg    . . .      Spirit   .   G - +0 steam dragon scales
rPois   +          Reflect  .   b - +0 helmet
rElec   .          Harm     .   X - scarf {rC+ rF+}
rCorr   +          Rampage  .   Z - +0 pair of gloves
Will    +....                   (no boots)
Stlth   ++........              h - amulet of magic regeneration
HPRegen 0.29/turn               p - ring "Agho" {Ice rPois rCorr Str+4}
MPRegen 0.66/turn               A - +6 ring of intelligence

@: marked
A: high MP 1, forlorn, divine attributes
a: no special abilities


You were on level 13 of the Dungeon.
You visited 3 branches of the dungeon, and saw 20 of its levels.
You visited 1 bazaar.
You also visited: Ice Cave.

You collected 1329 gold pieces.

Inventory:

Hand Weapons
 q - the +8 hunting sling "Giantslayer" (weapon) {flame, rF++}
   (You found it on level 3 of the Dungeon)

   Any ammunition fired from it burns those it strikes, dealing additional fire
   damage.
   rF:        It greatly protects you from fire.
Missiles
 k - 26 poisoned darts
 r - 380 stones (quivered ammo)
 x - 13 javelins
 C - 2 throwing nets
Armour
 b - a +0 helmet (worn)
 m - a scarf of invisibility
 G - +0 steam dragon scales (worn)
 X - a scarf of resistance (worn)
 Z - a +0 pair of gloves (worn)
Jewellery
 c - a ring of willpower
 h - an amulet of magic regeneration (around neck)
 p - the ring "Agho" (left hand) {Ice rPois rCorr Str+4}
   (You found it in an ice cave)

   [ring of ice]

   It enhances your ice magic.
   Str:       It affects your strength (+4).
   rF:        It makes you vulnerable to fire.
   rC:        It protects you from cold.
   rPois:     It protects you from poison.
   rCorr:     It protects you from acid and corrosion.
 v - an amulet of reflection
 A - a +6 ring of intelligence (right hand)
 U - a ring of poison resistance
 W - a ring of protection from cold
Wands
 e - a wand of iceblast (16)
 o - a wand of mindburst (22)
 s - a wand of flame (14)
 Q - a wand of paralysis (3)
 T - a wand of polymorph (14)
Scrolls
 g - 5 scrolls of magic mapping
 i - a scroll of vulnerability {unknown}
 j - a scroll of holy word
 n - 2 scrolls of silence
 w - 2 scrolls of blinking
 y - 2 scrolls of torment
 B - a scroll of brand weapon {unknown}
 D - 4 scrolls of fog
 E - 3 scrolls of enchant weapon
 F - a scroll of amnesia {unknown}
 I - 4 scrolls of teleportation
 K - 3 scrolls of immolation
 M - a scroll of summoning {unknown}
 N - 6 scrolls of enchant armour
 S - 2 scrolls of fear
Potions
 f - 7 potions of curing
 l - a potion of invisibility {unknown}
 t - 3 potions of heal wounds
 u - 3 potions of flight
 z - 5 potions of mutation
 H - 2 potions of might {unknown}
 J - 2 potions of magic
 L - 2 potions of resistance {unknown}
 O - a potion of cancellation {unknown}
 P - a potion of brilliance {unknown}
 R - 3 potions of haste {unknown}
 V - a potion of experience {unknown}
Miscellaneous
 a - a phantom mirror
 d - a box of beasts


   Skills:
 + Level 8.2 Fighting
 - Level 1.7 Dodging
 - Level 1.7 Stealth
 - Level 15.0 Spellcasting
 - Level 15.0 Conjurations
 - Level 8.0 Evocations


You had 26 spell levels left.
You knew the following spells:

 Your Spells              Type           Power      Damage    Failure   Level
a - Magic Dart            Conj           100%       1d8       0%          1
b - Searing Ray           Conj           100%       2d8       0%          2
c - Iskenderun's Mystic   Conj/Tloc      76%        2d15      1%          4
d - Lightning Bolt        Conj/Air       38%        1d56      1%          5
e - Lee's Rapid Deconstr  Erth           15%        3d11*     26%         5

Your spell library contained the following spells:

 Spells                   Type           Power      Damage    Failure   Level
 Pain                     Necr           100%       1d9       1%          1
 Ensorcelled Hibernation  Hex/Ice        94%        N/A       1%          2
 Scorch                   Fire           62%        2d8       1%          2
 Static Discharge         Conj/Air       76%        N/A       1%          2
 Dazzling Flash           Conj/Hex       100%       N/A       1%          3
 Flame Wave               Conj/Fire      76%        2d14      1%          4
 Fulminant Prism          Conj/Hex       38%        3d18      1%          4
 Sticky Flame             Conj/Fire      76%        2d9       1%          4
 Gell's Gravitas          Tloc           31%        N/A       2%          3
 Spider Form              Tmut/Pois      31%        N/A       2%          3
 Teleport Other           Tloc           31%        N/A       2%          3
 Tukima's Dance           Hex            31%        N/A       2%          3
 Conjure Ball Lightning   Conj/Air       38%        3x3d12    6%          6
 Anguish                  Hex/Necr       15%        N/A       9%          4
 Dispel Undead            Necr           31%        3d14      9%          4
 Leda's Liquefaction      Hex/Erth       15%        N/A       9%          4
 Passage of Golubria      Tloc           31%        N/A       9%          4
 Agony                    Necr           31%        N/A       26%         5
 Excruciating Wounds      Necr           15%        N/A       26%         5
 Yara's Violent Unravell  Hex/Tmut       15%        3d8       26%         5
 Dispersal                Tloc           15%        N/A       80%         6
 Statue Form              Tmut/Erth      20%        N/A       80%         6
 Summon Cactus Giant      Summ           15%        N/A       80%         6
 Haunt                    Necr/Summ      15%        N/A       100%        7
 Malign Gateway           Summ/Tloc      15%        N/A       100%        7
 Summon Horrible Things   Summ           15%        N/A       100%        8


Dungeon Overview and Level Annotations

Branches:
Dungeon (13/15)            Temple (1/1) D:5            Lair (6/6) D:9
  Swamp (0/4) Lair:2       Spider (0/4) Lair:4        Slime (0/5) Lair:6
    Orc (0/2) D:12          IceCv (visited)
 Vaults: D:13-14

Shops:
D:3 :(:[!   D:5 *   D:8 !   D:12 [(


Innate Abilities, Weirdness & Mutations

You have an increased reservoir of magic. (+10% MP)
You shall have no god before yourself.
Your divine heritage dramatically boosts your attributes as you level up.


Message History

Unknown command.
Things that are here:
22 arrows; a +0 shortbow You see here a +0 chain mail.
Found a box of beasts.
Found a broken altar of Ashenzari.
You see here a box of beasts.
You can't carry that many items.
You drop 3 scrolls of noise.
You start removing your armour.
You continue taking off your +0 cloak. x4
You finish taking off your +0 cloak.
You drop a +0 cloak.
You see here a box of beasts.
d - a box of beasts
Things that are here:
a +0 cloak; 3 scrolls of noise
Okay, then.
You start putting on your armour.
You continue putting on your scarf of resistance. x4
You finish putting on your scarf of resistance.
You feel resistant to extremes of temperature.
You now have 1329 gold pieces (gained 25).
A sourceless malevolence fills the Dungeon...
With a horrendous wail, an alarm goes off!
A sentinel's mark forms upon you.
You hear a shout!
The death knight invokes the aid of Yredelemnul against you.
Your body is wracked with pain!
Unknown command.
The death knight offers itself to Yredelemnul, and fills with unholy energy.
A death knight comes into view. It is wielding a +0 glaive.
The death knight misses you.
Casting: Lightning Bolt (mildly dangerous; 1% risk of failure)
Confirm with . or Enter, or press ? or * to list all spells.
You erupt in a blast of force!
The mystic blast hits the death knight but does no damage.
The death knight's dark mirror aura disappears.
The death knight hits you from afar with a +0 glaive!!
* * * LOW HITPOINT WARNING * * *
The death knight hits you from afar with a +0 glaive!!
You die...

## #......................#.# #
####....................#..#
###..#........#....#......##.#
..###.....................#.##
..............##.#.........#.#
.............#...............#
.........p.....##............#
...#..........###............#
....#...........@<...........#
#...................#........#
#..............p........>....# .
##........................^..#...
##...........#...)..........#...
##..........#.#................
####...###...#...).#)...........
##......###.#.....)##.#.........#
#........##........##.#.#.....^#.


You could see 2 death knights.

Vanquished Creatures
  Rupert (Lair:6)
  Kirke (Lair:6)
  2 azure jellies (IceCv)
  A fire giant (D:10)
  2 quicksilver oozes (IceCv)
  A fire dragon (Lair:6)
  Snorg (Lair:6)
  Fannar (Lair:3)
  Harold (D:7)
  6 hydras
  2 boulder beetles
  3 centaur warriors
  A catoblepas (Lair:3)
  3 two-headed ogres
  A death yak (Lair:3)
  A tengu warrior (D:10)
  6 oklob plants
  A wolf spider (D:10)
  A cyclops (D:13)
  An ugly thing (D:12)
  2 lindwurms
  An orc knight (D:10)
  3 manticores
  2 molten gargoyles (Lair:6)
  A torpor snail (Lair:2)
  5 elephants (Lair:6)
  6 black mambas
  2 ice statues (IceCv)
  11 cane toads
  2 unseen horrors (D:11)
  Psyche (D:8)
  A freezing wraith (D:10)
  4 rime drakes
  12 komodo dragons
  3 entropy weaver simulacra (IceCv)
  A meliai (shapeshifter) (D:10)
  A polar bear (Lair:6)
  A hornet (Lair:2)
  6 trolls
  Prince Ribbit (D:7)
  11 blink frogs
  12 slime creatures
  A dream sheep (Lair:5)
  Sigmund (D:6)
  10 wyverns
  8 wraiths
  4 basilisks (Lair:6)
  55 yaks
  6 hogs (Lair:6)
  2 steam dragons
  3 vampire mosquitoes (Lair:2)
  4 acid dragons
  4 hell hounds (Lair:6)
  6 demonic crawler simulacra (IceCv)
  13 water moccasins
  5 orc warriors
  5 black bears
  2 ugly thing simulacra (IceCv)
  14 centaurs
  A necrophage (D:6)
  12 wolves
  A phantom (D:4)
  A kobold brigand (D:9)
  3 gnoll sergeants
  3 scorpions (Lair:4)
  4 glowing shapeshifter simulacra (IceCv)
  9 bullfrogs
  2 water moccasin zombies
  3 water moccasin skeletons
  14 killer bees
  3 howler monkeys
  An electric eel (Lair:6)
  A bullfrog zombie (D:5)
  5 lava snakes (Lair:6)
  2 centaur zombies (D:10)
  An orc priest (D:9)
  A hound (D:5)
  3 jellies
  2 iguanas
  7 orc wizards
  A hound zombie (D:5)
  The ghost of Descartes the Sneak, a weakling FeDe (D:5)
  2 howler monkey skeletons
  18 gnolls
  3 adders
  7 worms
  A dart slug (D:1)
  27 orcs
  5 bats
  2 endoplasms
  8 giant cockroaches
  9 goblins
  7 hobgoblins
  5 jackals
  4 quokkas
  8 ball pythons
  3 frilled lizards
  10 kobolds
  10 rats
479 creatures vanquished.

Vanquished Creatures (others)
  9 bushes (Lair:6)
  45 fungi
  142 plants
196 creatures vanquished.

Grand Total: 675 creatures vanquished

Notes
Turn   | Place    | Note
-------+----------+-------------------------------------------
     0 | D:1      | Labrat the Demigod Conjurer began the quest for the Orb.
     0 | D:1      | Reached XP level 1. HP: 14/14 MP: 5/5
   390 | D:1      | Reached XP level 2. HP: 20/20 MP: 0/7
  1126 | D:1      | Learned a level 2 spell: Searing Ray
  1239 | D:2      | Reached XP level 3. HP: 24/26 MP: 6/9
  1597 | D:2      | Got the Grimoire of Harmful Calling
  2134 | D:3      | Found Jilacs's Book Shop.
  2463 | D:3      | Reached XP level 4. HP: 33/33 MP: 5/11
  2552 | D:3      | Found Beaxer's Weapon Shoppe.
  2648 | D:3      | Identified the +8 hunting sling "Giantslayer" {flame, rF++}
  2750 | D:3      | Found Otous's Antique Armour Emporium.
  2770 | D:3      | Found Moschakuo's Book Shop.
  2921 | D:3      | Found Xiuwuheu's Distillery.
  3150 | D:4      | Noticed a black bear
  3337 | D:4      | Reached skill level 5 in Conjurations
  3337 | D:4      | Reached XP level 5. HP: 28/38 MP: 8/13
  3909 | D:4      | Reached XP level 6. HP: 31/45 MP: 3/16
  4073 | D:4      | Reached skill level 5 in Spellcasting
  4693 | D:4      | Reached skill level 1 in Fighting
  4819 | D:5      | Entered Level 5 of the Dungeon
  5137 | D:5      | Reached XP level 7. HP: 27/58 MP: 8/17
  5331 | D:5      | Found Dosos's Assorted Antiques.
  5346 | D:5      | Found a runed translucent door.
  5346 | D:5      | Noticed Descartes's ghost (weakling FeDe)
  5419 | D:5      | Found a staircase to the Ecumenical Temple.
  5983 | D:5      | Killed Descartes's ghost
  6236 | D:6      | Reached skill level 5 in Fighting
  6544 | D:6      | Reached XP level 8. HP: 57/68 MP: 15/20
  7200 | D:6      | Noticed Sigmund
  7206 | D:6      | Killed Sigmund
  7610 | Temple   | Entered the Ecumenical Temple
  7915 | D:7      | Noticed Harold
  7947 | D:7      | Noticed Prince Ribbit
  8242 | D:7      | Learned a level 4 spell: Iskenderun's Mystic Blast
  8416 | D:7      | Noticed a troll
  8424 | D:7      | Killed a troll
  8616 | D:7      | Killed Prince Ribbit
  8617 | D:7      | Reached skill level 1 in Evocations
  8617 | D:7      | Reached XP level 9. HP: 66/74 MP: 18/23
  9725 | D:8      | Found Vyax's Distillery.
  9872 | D:8      | Noticed a two-headed ogre
 10035 | D:8      | Noticed Psyche
 10144 | D:8      | Noticed a fire crab
 10202 | D:8      | Noticed a salamander
 11107 | D:7      | Killed Harold
 11108 | D:7      | Reached skill level 5 in Evocations
 11887 | D:9      | Reached XP level 10. HP: 20/81 MP: 5/26
 12239 | D:9      | Found a staircase to the Lair.
 12586 | D:9      | Noticed a two-headed ogre
 12595 | D:9      | Killed a two-headed ogre
 12875 | D:10     | Entered Level 10 of the Dungeon
 12885 | D:10     | Noticed a two-headed ogre
 12892 | D:10     | Killed a two-headed ogre
 13344 | D:10     | Noticed an orc knight
 13870 | D:10     | Killed an orc knight
 13871 | D:10     | Reached skill level 10 in Conjurations
 13880 | D:10     | Noticed a centaur warrior
 13949 | D:10     | Killed a centaur warrior
 14269 | D:10     | Noticed a black mamba
 14270 | D:10     | a black mamba changed into a meliai
 14272 | D:10     | Noticed a centaur warrior
 14277 | D:10     | Killed a centaur warrior
 14278 | D:10     | Reached skill level 10 in Spellcasting
 14278 | D:10     | Reached XP level 11. HP: 75/86 MP: 1/29
 14285 | D:10     | Noticed a fire giant
 14416 | D:10     | Learned a level 5 spell: Lightning Bolt
 14458 | D:10     | Killed a fire giant
 14630 | D:10     | Noticed a tengu warrior
 14715 | Lair:1   | Entered Level 1 of the Lair of Beasts
 14988 | Lair:1   | Noticed a six-headed hydra
 15105 | Lair:1   | Killed a six-headed hydra
 16047 | Lair:1   | You fall into a shaft and drop 1 floor!
 16172 | Lair:2   | Found a staircase to the Swamp.
 16509 | Lair:2   | Noticed a boulder beetle
 17597 | Lair:2   | Killed a boulder beetle
 18582 | Lair:2   | Noticed a lindwurm
 18792 | Lair:2   | Killed a lindwurm
 18882 | Lair:2   | Reached XP level 12. HP: 93/94 MP: 24/32
 18973 | Lair:3   | Found a frozen archway.
 19007 | IceCv    | Entered an ice cave
 19673 | IceCv    | Noticed a quicksilver ooze
 19679 | IceCv    | Killed a quicksilver ooze
 19845 | IceCv    | Noticed a quicksilver ooze
 19943 | IceCv    | Killed a quicksilver ooze
 20093 | IceCv    | Noticed an azure jelly
 20103 | IceCv    | Noticed an azure jelly
 20106 | IceCv    | Killed an azure jelly
 20158 | IceCv    | HP: 3/101 [azure jelly (17)]
 20165 | IceCv    | Killed an azure jelly
 20610 | IceCv    | Got the ring "Agho" {Ice rPois rCorr Str+4}
 22701 | Lair:3   | Noticed Fannar
 22890 | Lair:3   | Killed Fannar
 24128 | Lair:4   | Noticed a catoblepas
 24282 | Lair:4   | Noticed an eight-headed hydra
 24288 | Lair:4   | Reached XP level 13. HP: 96/107 MP: 14/34
 24931 | Lair:4   | Found a hole to the Spider Nest.
 27082 | Lair:6   | Entered Level 6 of the Lair of Beasts
 27085 | Lair:6   | Noticed Kirke
 27148 | Lair:6   | Noticed Snorg
 27158 | Lair:6   | Killed Snorg
 27723 | Lair:6   | Noticed Rupert
 27748 | Lair:6   | Killed Rupert
 27982 | Lair:6   | Reached skill level 15 in Spellcasting
 28941 | Lair:6   | Killed Kirke
 29036 | Lair:6   | Found a staircase to the Slime Pits.
 29396 | Lair:6   | Reached XP level 14. HP: 115/115 MP: 31/38
 29921 | Lair:6   | Found a large runed translucent door.
 30011 | Lair:6   | Found a large runed translucent door.
 30571 | D:8      | Killed Psyche
 30894 | D:10     | Identified the +1 ring mail of Grace {Rampage rC- Str+10
                  | Slay-3}
 31897 | D:12     | Found a flickering gateway to a bazaar.
 31914 | Bazaar   | Entered a bazaar
 31914 | Bazaar   | Found Quvye's Jewellery Shoppe.
 31914 | Bazaar   | Found Cewkaka's Jewellery Emporium.
 31916 | Bazaar   | Found Wyac's Assorted Antiques.
 31932 | Bazaar   | Found Suhon's Magic Scroll Emporium.
 32147 | D:12     | Found Cuomelez's Armour Shop.
 32150 | D:12     | Found a staircase to the Orcish Mines.
 32700 | D:12     | Found Cenaon's Weapon Shop.
 33834 | D:13     | Reached skill level 15 in Conjurations
 33864 | D:12     | Learned a level 5 spell: Lee's Rapid Deconstruction
 34662 | D:13     | Slain by a death knight

Illustrated notes

Levels and vault maps discovered:
D:1:      dpeg_arrival_rooms_with_view, layout_basic
D:2:      layout_rooms, chequers_ecumenical_altar_island,
          mrwooster_statue_mirror, corexii_hall_statues_x
D:3:      layout_loops_ring, serial_shops, nicolae_lakefront_shop,
          nicolae_shop_stone, shop, nicolae_shop_behind_doors,
          nicolae_square_shop
D:4:      layout_loops_corners, mainiacjoe_overflow_large_starburst,
          lemuel_tele_altar
D:5:      layout_rooms, lemuel_crystal_altar, lemuel_temple_firewalk_b,
          serial_shops, kennysheep_mini, gammafunk_ghost_grave,
          grunt_decor_clamped
D:6:      layout_loops_ring, kennysheep_little_box, uniq_sigmund
D:7:      layout_gridville, slow_altar_1, uniq_harold, uniq_prince_ribbit1
D:8:      layout_loops_ring, bloody_trog, xom_shifter_show, serial_shops,
          nicolae_lakefront_shop, grunt_decor_cap,
          minmay_fractal_squares_gapless_5, uniq_psyche
D:9:      layout_roguey, dpeg_oklobed_lair
D:10:     layout_gridville, minmay_statues_item, minmay_evil_grid
D:11:     layout_basic
D:12:     layout_irregular_city, orc_david_3, serial_shops, bzr_entry_customers
D:13:     cheibrodos_tormentor_scu, layout_layer_cave,
          ashenzari_conservatory_becter
Temple:   eino_temple_water
Lair:1:   layout_regular_city, lemuel_fruit_fields
Lair:2:   layout_cave_pods, minmay_swamp_entry_swarm, basic_altar,
          nicolae_lair_lindhole
Lair:3:   nzn_winding_woodlands_cross [nzn_winding_woodlands_5x15_pool,
          nzn_winding_woodlands_5x15_eye,
          nzn_winding_woodlands_5x15_split_checker,
          nzn_winding_woodlands_5x15_concentric,
          nzn_winding_woodlands_15x15_eel_pit], layout_small_grid,
          portal_ice_cave_entry_pillars_2, uniq_fannar
Lair:4:   layout_cave_pods, nicolae_spider_entry_non_spiders, lemuel_fruit_tree
Lair:5:   minmay_lair_oklob_tunnel, layout_regular_city,
          infiniplex_staircase_pool_2
Lair:6:   cheibrodos_lair_end_hotspot, layout_gridlike,
          minmay_slime_entry_oklob_enclosed, serial_forest,
          infiniplex_forest_straight_3, infiniplex_forest_clump_diagonal,
          infiniplex_forest_straight_3, infiniplex_forest_lined_ring,
          infiniplex_forest_fountain, infiniplex_forest_straight_3,
          infiniplex_forest_clump_double, wad_woods_river_03, uniq_rupert,
          uniq_kirke, uniq_snorg

Skill      XL: |  1  2  3  4  5  6  7  8  9 10 11 12 13 14 |
---------------+-------------------------------------------+-----
Spellcasting   | 2 3 4 5 7 8 10 12 15 | 15.0
Conjurations   | 4 5 7 8 10 12 13 15 | 15.0
Fighting       | 3 5 8 |  8.2
Evocations     | 1 5 8 |  8.0
Dodging        | |  1.7
Stealth        | |  1.7

Action                   |  1- 3 |  4- 6 |  7- 9 | 10-12 | 13-15 || total
-------------------------+-------+-------+-------+-------+-------++-------
Melee: Unarmed           |     9 |       |       |       |       ||     9
 Fire: Hunting sling     |       |    22 |   153 |   349 |   242 ||   766
 Cast: Magic Dart        |   103 |    54 |    40 |     2 |    20 ||   219
       Searing Ray       |     4 |    21 |    35 |    13 |     8 ||    81
       Iskenderun's Myst |       |       |    19 |   153 |   133 ||   305
       Lightning Bolt    |       |       |       |    74 |   164 ||   238
       Lee's Rapid Decon |       |       |       |       |     1 ||     1
 Abil: Evoke Invisibilit |       |       |     2 |       |       ||     2
Evoke: Wand              |       |       |     2 |     5 |       ||     7
  Use: Scroll            |       |       |     9 |     8 |     7 ||    24
       Potion            |       |       |       |     1 |       ||     1
Armor: Robe              |     6 |     8 |    17 |    20 |       ||    51
       Steam dragon scal |       |       |       |     3 |    38 ||    41
Dodge: Dodged            |     9 |    13 |    73 |    86 |    70 ||   251
Block: Other             |       |       |    17 |    35 |     8 ||    60
       Reflection        |       |       |     3 |     1 |       ||     4
